 Dungeon Crawl Stone Soup version 0.28.0-45-g0d030f2227 (webtiles) character file.

Game seed: 15397681055149812818

44 Iusername the Skirmisher (level 3, -1/33 HPs)
             Began as a Draconian Berserker on Apr 7, 2022.
             Was a Believer of Trog.
             Slain by a gnoll
             ... wielding a +2 whip of freezing
              (4 damage)
             ... on level 2 of the Dungeon.
             The game lasted 00:02:17 (1210 turns).

Iusername the Skirmisher (Draconian Berserker)      Turns: 1210, Time: 00:02:17

Health: -1/33      AC:  5    Str: 21    XL:     3   Next: 41%
Magic:  3/3        EV: 12    Int:  7    God:    Trog [**....]
Gold:   89         SH:  0    Dex: 10    Spells: 2/2 levels left

rFire   . . .      SeeInvis .   a - +0 falchion
rCold   . . .      Faith    .   (no shield)
rNeg    . . .      Spirit   .   (armour unavailable)
rPois   .          Reflect  .   (helmet restricted)
rElec   .          Harm     .   (no cloak)
rCorr   .          Rampage  .   (no gloves)
Will    .....                   (no boots)
Stlth   +.........              (no amulet)
HPRegen 0.11/turn               (no ring)
MPRegen 0.08/turn               (no ring)

@: no status effects
A: AC +5, unfitting armour, cold-blooded
a: Renounce Religion, Berserk, Trog's Hand


You were on level 2 of the Dungeon.
You worshipped Trog.
Trog was pleased with you.
You visited 1 branch of the dungeon, and saw 2 of its levels.

You collected 89 gold pieces.

Inventory:

Hand Weapons
 a - a +0 falchion (weapon)
Scrolls
 b - a scroll of fog {unknown}
 d - a scroll of blinking {unknown}
Potions
 c - a potion of heal wounds {unknown}


   Skills:
 + Level 3.7 Fighting
 + Level 3.6 Long Blades
 + Level 3.2 Dodging
 + Level 0.2 Stealth


You had 2 spell levels left.
You didn't know any spells.
Your spell library was empty.

Dungeon Overview and Level Annotations

Branches:
Dungeon (2/15)

Altars:

Shops:
D:1 =


Innate Abilities, Weirdness & Mutations

Your plain brown scales are hard. (AC +5)
You cannot fit into any form of body armour.
You are cold-blooded and may be slowed by cold attacks.


Message History

The gnoll is heavily wounded.
You barely miss the gnoll.
The gnoll is almost dead.
The gnoll hits you with a +0 club. The gnoll barely misses you.
You slash the gnoll!
You kill the gnoll!
Trog accepts your kill. The gnoll hits you but does no damage.
You hit the gnoll.
Your tail-slap misses the gnoll.
The gnoll is severely wounded.
The gnoll barely misses you.
The gnoll hits you with a +2 whip of freezing.
The gnoll freezes you. The gnoll closely misses you.
The gnoll hits you with a +2 whip of freezing!
The gnoll freezes you.
You are too injured to fight recklessly!
You are too injured to fight recklessly!
You are too injured to fight recklessly!
Unknown command.
You are too injured to fight recklessly!
Unknown command.
You are too injured to fight recklessly!
Unknown command.
You are too injured to fight recklessly!
Unknown command.
You are too injured to fight recklessly!
Unknown command.
You are too injured to fight recklessly!
You completely miss the gnoll.
The gnoll is severely wounded.
The gnoll barely misses you.
The gnoll hits you with a +2 whip of freezing!
* * * LOW HITPOINT WARNING * * *
The gnoll freezes you.
* * * LOW HITPOINT WARNING * * *
You slash the gnoll!
You kill the gnoll!
Trog accepts your kill.
The gnoll hits you with a +2 whip of freezing.
You die...

###############
.......)g(.....
#@# #.# ### #.#
... #.# #.#
♣.♣♣ #.# ♣♣≈≈♣
#.# ♣.≈P♣ #.#
♣♣≈P♣
#.##♣♣♣♣♣♣≈♣♣


You could see a gnoll.

Vanquished Creatures
  2 gnolls (D:2)
  A dart slug (D:1)
  3 endoplasms (D:1)
  3 giant cockroaches (D:1)
  3 goblins (D:1)
  4 hobgoblins (D:1)
  2 jackals (D:1)
  A quokka (D:1)
  4 ball pythons (D:1)
  A bat (D:1)
  A frilled lizard (D:1)
  2 kobolds (D:1)
  4 rats (D:1)
31 creatures vanquished.

Notes
Turn   | Place    | Note
-------+----------+-------------------------------------------
     0 | D:1      | Iusername the Draconian Berserker began the quest for the
                  | Orb.
     0 | D:1      | Reached XP level 1. HP: 19/19 MP: 1/1
   125 | D:1      | Reached XP level 2. HP: 20/26 MP: 2/2
   464 | D:1      | Found Diweylu's One-of-a-Kind Rings.
   626 | D:1      | Reached XP level 3. HP: 33/33 MP: 3/3
   688 | D:1      | Reached ** piety under Trog
  1210 | D:2      | Slain by a gnoll

Illustrated notes

Levels and vault maps discovered:
D:1:      psy_arrival_conway, layout_loops_ring, nicolae_shop_unique_rings,
          moated_statue, hex_medium, due_unseen_surprise
D:2:      layout_loops_ring, serial_bayou_crossing

Skill      XL: |  1  2 |
---------------+-------+-----
Dodging        | 3 |  3.2
Fighting       | |  3.7
Long Blades    | |  3.6
Stealth        | |  0.2

Action                   || total
-------------------------++-------
Melee: Falchion          ||    86
       Tailslap          ||     4
       Punch             ||     1
Armor: Skin              ||    21
Dodge: Dodged            ||    53
